General information
- name: BNet
- type: Ladder 1vs1/FFA
- host: Battle.net
- saver: BEAR_AND
map: GnollWood
- players: 2
- length: 30:25
- speed: Fast
- version: 1.21 W3XP
- replay type:

» download(88 KB)
Players
team 1 (winner)
BEAR_AND (
teal | 87 APM | 2655 actions | 30:25)
6 Blademaster
3 Wind Walk
2 Critical Strike
1 Bladestorm
5 Tauren Chieftain
3 Shockwave
2 Endurance Aura
» actions
| Assign group hotkey | 14 | |
| Build / train | 92 | |
| Enter build submenu | 62 | |
| Enter hero's abilities submenu | 11 | |
| Give item / drop item | 18 | |
| Remove unit from queue | 1 | |
| Right click | 1474 | |
| Select / deselect | 437 | |
| Select group hotkey | 382 | |
| Use ability | 162 | |
2655 total
» units
| Peon | 20 | |
| Wind Rider | 5 | |
| Troll Batrider | 19 | |
| Troll Witch Doctor | 2 | |
46 total
» upgrades
| Envenomed Spears | 1 | |
| Liquid Fire | 1 | |
| Pillage | 1 | |
| Ranged Weapons | 2 | |
| Reinforced Defenses | 1 | |
| Armor | 1 | |
| Witch Doctor Training | 1 | |
8 total
» buildings
| Altar of Storms | 1 | |
| Orc Burrow | 4 | |
| War Mill | 3 | |
| Watch Tower | 41 | |
| Stronghold | 3 | |
| Voodoo Lounge | 1 | |
| Beastiary | 1 | |
| Great Hall | 2 | |
| Fortress | 1 | |
| Spirit Lodge | 1 | |
58 total
» build order
00:07 Altar of Storms
00:21 Orc Burrow
00:37 War Mill
01:50 Watch Tower
01:55 Watch Tower
02:21 Watch Tower
02:57 Stronghold
02:58 Stronghold
03:18 Orc Burrow
03:40 Voodoo Lounge
03:44 Watch Tower
04:04 Watch Tower
04:35 Orc Burrow
05:19 Watch Tower
06:29 Watch Tower
06:45 Beastiary
07:31 Watch Tower
07:41 Watch Tower
10:07 War Mill
10:52 Orc Burrow
11:49 Watch Tower
11:51 Watch Tower
12:00 Watch Tower
13:53 Great Hall
14:07 Watch Tower
14:08 Watch Tower
15:18 Watch Tower
15:19 Fortress
15:20 Watch Tower
15:23 Watch Tower
16:27 Watch Tower
18:11 Watch Tower
18:11 Watch Tower
18:13 Watch Tower
18:18 Watch Tower
18:19 Watch Tower
19:28 Watch Tower
19:29 Watch Tower
20:35 Watch Tower
20:57 Watch Tower
22:15 Watch Tower
22:16 Watch Tower
22:17 Watch Tower
23:05 Watch Tower
24:08 Watch Tower
25:12 Watch Tower
25:26 Watch Tower
26:38 Spirit Lodge
26:44 Great Hall
26:47 Watch Tower
26:47 Watch Tower
26:48 Watch Tower
26:49 Watch Tower
27:04 Watch Tower
28:04 Watch Tower
28:05 Watch Tower
28:07 War Mill
» items
| Boots of Speed | 2 | |
| Staff of Teleportation | 2 | |
| Healing Salve | 10 | |
| Lesser Clarity Potion | 2 | |
| Potion of Healing | 1 | |
| Orb of Lightning | 2 | |
19 total
team 2 (loser)

»
wopachopa (
blue | 35 APM | 1074 actions | 30:24)
4 Warden
2 Shadow Strike
2 Fan of Knives
» actions
| Basic commands | 36 | |
| Build / train | 102 | |
| Enter build submenu | 21 | |
| Enter hero's abilities submenu | 4 | |
| Remove unit from queue | 6 | |
| Right click | 361 | |
| Select / deselect | 469 | |
| Use ability | 75 | |
1074 total
» units
| Wisp | 18 | |
| Archer | 37 | |
| Huntress | 3 | |
| Glaive Thrower | 10 | |
| Hippogryph | 9 | |
77 total
» upgrades
| Strength of the Moon | 3 | |
| Moon Armor | 3 | |
| Improved Bows | 1 | |
| Vorpal Blades | 1 | |
| Hippogryph Taming | 1 | |
| Marksmanship | 1 | |
| Well Spring | 1 | |
| Nature's Blessing | 1 | |
12 total
» buildings
| Altar of Elders | 1 | |
| Moon Well | 4 | |
| Ancient of War | 2 | |
| Hunter's Hall | 1 | |
| Tree of Ages | 1 | |
| Ancient Protector | 8 | |
| Tree of Eternity | 1 | |
| Ancient of Wind | 1 | |
19 total
» build order
00:10 Altar of Elders
00:16 Moon Well
00:24 Ancient of War
01:49 Moon Well
02:10 Hunter's Hall
03:04 Moon Well
04:43 Tree of Ages
06:37 Ancient Protector
06:43 Moon Well
06:53 Ancient of War
11:00 Ancient Protector
13:54 Tree of Eternity
14:04 Ancient of Wind
24:13 Ancient Protector
24:34 Ancient Protector
24:42 Ancient Protector
24:45 Ancient Protector
24:47 Ancient Protector
25:01 Ancient Protector
Chat log
(23:36 / All) BEAR_AND: you are really bad.
(23:45 / All) wopachopa: fu
(23:47 / All) BEAR_AND: lmao
(25:49 / All) BEAR_AND: oh my god
(29:12 / All) BEAR_AND: lmao you fucking noob
(29:48 / All) BEAR_AND: quit bitch
(29:57 / All) BEAR_AND: horrible retard
(29:59 / All) BEAR_AND: fat child
(30:12 / All) wopachopa: lmao fun huh
(30:18 / All) BEAR_AND: too easy
(30:20 / All) wopachopa: homo fuck face